Map: Frost LE

Players

Leo

  • Race: Protoss Protoss
  • League: Diamond

Gracz

  • Race: Protoss Protoss
  • League: Bronze

nmae

  • Race: Terran Terran

HAJPER

  • Race: Terran Terran

VOD

Have the link to the VOD?

Description

Time

  • Played on: Sept. 17, 2016, 5:13 p.m.
  • Length: 5:51
Show
View Real Time Build Order
Export as new Build Order

Leo Protoss 

Build Orders:  

Get SALT Encoding   

  12  0:02  Probe (Chrono Boost)  
  13  0:13  Probe (Chrono Boost)  
  14  0:20  Pylon  
  14  0:24  Probe (Chrono Boost)  
  15  0:38  Probe (Chrono Boost)  
  16  0:44  Gateway  
  16  0:49  Probe (Chrono Boost)  
  17  0:52  Assimilator  
  17  0:59  Probe (Chrono Boost)  
  18  1:10  Probe (Chrono Boost)  
  19  1:18  Pylon  
  19  1:20  Probe (Chrono Boost)  
  20  1:31  Probe (Chrono Boost)  
  21  1:33  Cybernetics Core  
  21  1:41  Probe (Chrono Boost)  
  22  1:52  Probe (Chrono Boost)  
  23  2:02  Probe (Chrono Boost)  
  23  2:04  Nexus  
  24  2:13  Pylon  
  24  2:14  Mothership Core (Chrono Boost)  
  26  2:22  Adept  
  28  2:32  Probe (Chrono Boost)  
  29  2:38  Warp Gate  
  29  2:39  Assimilator  
  29  2:45  Probe (Chrono Boost)  
  30  3:01  Probe (Chrono Boost)  
  31  3:12  Probe (Chrono Boost)  
  32  3:18  Probe (Chrono Boost)  
  33  3:25  Probe (Chrono Boost)  
  34  3:28  Forge  
  34  3:29  Probe (Chrono Boost)  
  34  3:32  Twilight Council  
  35  3:40  Robotics Facility  
  35  3:44  Pylon  
  35  3:47  Pylon  
  36  3:48  Probe (Chrono Boost)  
  36  3:49  Probe (Chrono Boost)  
  37  3:59  Probe x2 (Chrono Boost)  
  39  4:16  Probe (Chrono Boost)  
  41  4:17  Probe (Chrono Boost)  
  41  4:27  Probe (Chrono Boost)  
  41  4:29  Probe (Chrono Boost)  
  41  4:30  Observer  
  44  4:32  Stalker  
  45  4:56  Gateway  
  45  4:58  Gateway  
  46  5:01  Probe (Chrono Boost), Gateway  
  46  5:02  Probe (Chrono Boost)  
  46  5:03  Gateway  
  46  5:04  Assimilator  
  46  5:05  Assimilator, Gateway  
  47  5:12  Warp Prism  
  47  5:13  Probe (Chrono Boost)  
  46  5:26  Stalker  
Show
View Real Time Build Order
Export as new Build Order

Gracz Protoss 

Build Orders:  

Get SALT Encoding   

  12  0:02  SCV  
  13  0:15  Supply Depot  
  13  0:19  SCV  
  14  0:33  SCV  
  15  0:38  Barracks  
  15  0:42  Refinery  
  15  0:46  SCV  
  16  0:59  SCV  
  17  1:13  SCV  
  18  1:25  Orbital Command  
  18  1:26  Marine  
  19  1:41  Barracks  
  19  1:44  Barracks  
  19  1:45  Barracks Tech Lab  
  19  1:55  SCV  
  20  2:13  Stimpack  
  20  2:15  Marauder  
  22  2:25  Supply Depot  
  22  2:47  Marauder  
  22  2:50  Barracks Reactor  
  24  2:56  SCV  
  25  3:09  Barracks Tech Lab  
  25  3:14  Refinery  
  25  3:16  Marine  
  25  3:17  Command Center  
  26  3:26  Marine x2  
  28  3:33  Marine  
  28  3:34  Marauder  
  31  3:43  Supply Depot  
  31  3:58  Concussive Shells  
  31  4:00  Marine x2  
  31  4:01  Marauder  
  35  4:08  Marauder  
  37  4:22  Marauder  
  37  4:23  Marine  
  37  4:24  Marine  
  41  4:41  Marine x2  
  41  4:42  SCV  
  44  4:46  Marauder  
  46  4:54  SCV, Marauder  
  46  4:59  Marine x2  
  51  5:07  SCV  
  52  5:17  Marine  
  52  5:19  SCV  
  52  5:31  Marine  
  58  5:37  SCV  
Show
View Real Time Build Order
Export as new Build Order

nmae Terran 

Build Orders:  

Get SALT Encoding   

Show
View Real Time Build Order
Export as new Build Order

HAJPER Terran 

Build Orders:  

Get SALT Encoding   

Tags
 
Add a new tag
Caveats
  • Supply blocks, unpowered buildings, or Contaminate may cause inaccurate times.
  • Supply counts are checked every 10 seconds.